 Dungeon Crawl Stone Soup version 0.24.1 (webtiles) character file.

Game seed: 3286638559138820134, levelgen mode: deterministic

285 Amplified the Ducker (level 6, -6/51 HPs)
             Began as a Minotaur Earth Elementalist on Mar 28, 2020.
             Mangled by an orc warrior
             ... wielding a +0 short sword
              (13 damage)
             ... on level 3 of the Dungeon.
             The game lasted 00:04:34 (3653 turns).

Amplified the Ducker (Minotaur Earth Elementalist)  Turns: 3653, Time: 00:04:35

Health: -6/51      AC: 10    Str: 15    XL:     6   Next: 7%
Magic:  7/7        EV: 12    Int: 15    God:
Gold:   164        SH:  0    Dex: 10    Spells: 6/7 levels left

rFire    . . .     SeeInvis .   i - +0 flail
rCold    + . .     Gourm    .   (no shield)
rNeg     + . .     Faith    .   f - +2 ring mail {rC+}
rPois    .         Spirit   .   (helmet restricted)
rElec    .         Reflect  .   a - +0 cloak
rCorr    .         Harm     .   (no gloves)
MR       .....                  e - +0 pair of boots
Stlth    +.........             (no amulet)
HPRegen  0.17/turn              c - +3 ring of intelligence
MPRegen  0.10/turn              k - ring of positive energy

@: no status effects
A: retaliatory headbutt, horns 2
a: no special abilities


You were on level 3 of the Dungeon.
You were not hungry.

You visited 1 branch of the dungeon, and saw 4 of its levels.

You collected 164 gold pieces.

Inventory:

Hand Weapons
 i - a +0 flail (weapon)
Missiles
 b - 101 stones (quivered)
Armour
 a - a +0 cloak (worn)
 e - a +0 pair of boots (worn)
 f - a +2 ring mail of cold resistance (worn)
Jewellery
 c - a +3 ring of intelligence (left hand)
 k - a ring of positive energy (right hand)
Scrolls
 g - a scroll of remove curse
Potions
 j - a potion of brilliance
Comestibles
 d - 7 rations


   Skills:
 + Level 3.3 Fighting
 * Level 3.4 Maces & Flails
 + Level 3.3 Armour
 + Level 3.9 Dodging
 - Level 1.5 Stealth
 - Level 1.3 Spellcasting
   Level 0.7 Transmutations
 - Level 2.4 Earth Magic


You had 6 spell levels left.
You knew the following spells:

 Your Spells              Type           Power        Failure   Level  Hunger
a - Sandblast             Erth           #.....       17%         1    ##.....

Your spell library contained the following spells:

 Spells                   Type           Power        Failure   Level  Hunger
 Passwall                 Tmut/Erth      #.......     36%         2    ###....
 Corona                   Hex            #......      41%         1    ##.....
 Ensorcelled Hibernation  Hex/Ice        #.....       56%         2    ###....
 Stone Arrow              Conj/Erth      #.....       63%         3    ####...
 Confuse                  Hex            #.......     80%         3    ####...
 Dazzling Spray           Conj/Hex       #.....       80%         3    ####...
 Tukima's Dance           Hex            #.......     80%         3    ####...
 Petrify                  Tmut/Erth      #.......     94%         4    #####..
 Lee's Rapid Deconstruct  Erth           #.........   99%         5    ######.


Dungeon Overview and Level Annotations

Branches:
Dungeon (4/15)
 Temple: D:4-7

Altars:


Innate Abilities, Weirdness & Mutations

You reflexively headbutt those who attack you in melee.
You have a pair of horns on your head.


Message History

You headbutt the orc warrior, but do no damage.
The orc warrior is severely wounded.
The orc warrior misses you.
You barely miss the orc warrior.
The orc warrior is severely wounded.
The orc warrior hits you with a +0 short sword!
You closely miss the orc warrior.
The orc warrior is severely wounded.
The orc warrior closely misses you.
You hit the orc warrior but do no damage.
The orc warrior is severely wounded.
The orc warrior hits you with a +0 short sword!
* * * LOW HITPOINT WARNING * * *
The orc warrior hits you but does no damage.
You closely miss the orc warrior.
The orc warrior is severely wounded.
The orc warrior hits you with a +0 short sword!
* * * LOW HITPOINT WARNING * * *
The orc warrior hits you with a +0 short sword!
You die...

.# #.##......##.# #.#
#.# .# #.##..###.##.#
#.# #.# .####.#)..#
#..#.# #.# ###
.#........# #..#.# #.#
.#.##.#...####.#.####.#
.#.##.#...............#
.#.##.#...####...######
...............o.#
.#.##.#...######@#
.#.##.#...# #.#
.#.##.#...# #.#
..........# #.#
##.##.#..## #.#
...##.#..#######.#
#####.#<.........#
#####.#..#######.#
......#.## #.#


You could see an orc warrior.

Vanquished Creatures
  A black bear (D:2)
  Terence (D:3)
  Natasha (D:2)
  5 adders
  3 worms
  4 dart slugs
  5 leopard geckos
  5 orcs (D:3)
  2 giant cockroaches
  5 hobgoblins
  2 quokkas (D:2)
  2 ball pythons
  8 bats
  9 frilled lizards
  6 goblins
  5 kobolds
  23 rats
87 creatures vanquished.

Notes
Turn   | Place    | Note
-------+----------+-------------------------------------------
     0 | D:1      | Amplified the Minotaur Earth Elementalist began the quest
                  | for the Orb.
     0 | D:1      | Reached XP level 1. HP: 14/14 MP: 1/1
   166 | D:1      | Reached skill level 1 in Fighting
   166 | D:1      | Reached skill level 1 in Armour
   166 | D:1      | Reached XP level 2. HP: 23/23 MP: 3/3
   745 | D:2      | Reached XP level 3. HP: 20/29 MP: 1/4
  1597 | D:2      | Reached skill level 1 in Maces & Flails
  1900 | D:2      | Reached XP level 4. HP: 36/36 MP: 5/5
  1957 | D:2      | Noticed a black bear
  2367 | D:3      | Noticed Terence
  2384 | D:3      | Killed Terence
  2457 | D:3      | Reached XP level 5. HP: 40/42 MP: 6/6
  3188 | D:2      | Killed a black bear
  3383 | D:2      | Noticed Natasha
  3392 | D:2      | Killed Natasha
  3392 | D:2      | Reached XP level 6. HP: 41/51 MP: 7/7
  3570 | D:4      | Noticed an orc warrior
  3653 | D:3      | Mangled by an orc warrior

Levels and vault maps discovered:
D:1:      psy_arrival_whirlpool, layout_basic, minmay_unequal
D:2:      layout_loops_ring, minmay_misc_feat_tower, minmay_misc_feat_enclosed,
          minmay_rat_hole, uniq_natasha
D:3:      layout_basic, uniq_terence
D:4:      layout_loops_ring, lemuel_round_altar, serial_shops, shop,
          eino_curves_01, uniq_eustachio

Skill      XL: |  1  2  3  4  5 |
---------------+----------------+-----
Fighting       | 1 2 3 |  3.3
Armour         | 1 2 3 |  3.3
Dodging        | 3 |  3.9
Maces & Flails | 1 2 3 |  3.4
Stealth        | |  1.5
Spellcasting   | |  1.3
Transmutations | |  0.7
Earth Magic    | |  2.4

Action                   |  1- 3 |  4- 6 || total
-------------------------+-------+-------++-------
Melee: Club              |    95 |       ||    95
       Unarmed           |     4 |       ||     4
       Headbutt          |    12 |    17 ||    29
       Whip              |       |    56 ||    56
       Flail             |       |    64 ||    64
Throw: Stone             |     1 |       ||     1
 Cast: Sandblast         |    13 |     4 ||    17
  Use: Potion            |     4 |       ||     4
       Scroll            |     1 |     5 ||     6
 Stab: Sleeping          |     6 |       ||     6
  Eat: Chunk             |     3 |     6 ||     9
Armor: Robe              |    20 |       ||    20
       Leather armour    |     6 |    13 ||    19
       Ring mail         |       |    32 ||    32
Dodge: Dodged            |    64 |    91 ||   155
